Map: [ESL] Data-C

Players

Clem - Winner!

  • Race: Terran Terran
  • Spawn Location: 9:00

Creator

  • Race: Protoss Protoss
  • Spawn Location: 3:00

Event: DreamHack SC2 Masters 2022 Atlanta (Offline)

VOD

Have the link to the VOD?

Description

Time

  • Played on: Nov. 18, 2022, 6:05 p.m.
  • Length: 6:03

All games in this series

Show
View Real Time Build Order
Export as new Build Order

Clem Terran - Winner!

Build Orders:  

Get SALT Encoding   

  12  0:00  SCV  
  13  0:12  SCV  
  14  0:16  Supply Depot  
  14  0:24  SCV  
  15  0:38  SCV  
  15  0:39  Barracks  
  16  0:44  Refinery  
  16  0:50  SCV  
  17  1:02  SCV  
  18  1:14  SCV  
  19  1:26  Marine  
  19  1:27  Orbital Command  
  20  1:42  Command Center  
  20  1:53  Factory  
  20  1:56  SCV  
  21  2:02  Barracks Reactor  
  21  2:06  Supply Depot  
  21  2:09  SCV  
  22  2:15  Refinery  
  22  2:21  SCV  
  23  2:34  SCV  
  24  2:41  Starport  
  26  2:44  Hellion x2  
  26  2:48  SCV  
  29  2:54  Orbital Command  
  29  3:00  SCV  
  32  3:06  Hellion  
  32  3:07  Hellion  
  32  3:12  SCV  
  35  3:15  Barracks Tech Lab  
  35  3:18  Medivac  
  37  3:21  SCV  
  37  3:26  Supply Depot  
  38  3:28  SCV  
  38  3:33  SCV  
  40  3:40  Cyclone, SCV, Marine  
  45  3:42  Marine  
  45  3:48  SCV  
  47  3:53  Barracks  
  47  3:54  SCV  
  47  4:00  SCV, Marine  
  49  4:04  Marine  
  49  4:06  SCV  
  47  4:12  SCV  
  47  4:14  Siege Tank  
  51  4:17  Supply Depot  
  51  4:18  SCV  
  51  4:22  Marine  
  53  4:24  SCV  
  54  4:33  Supply Depot  
  54  4:37  Barracks  
  54  4:39  SCV x2, Marine  
  54  4:43  Refinery  
  57  4:45  Engineering Bay  
  57  4:48  Marine  
  57  4:50  Starport Reactor  
  57  4:51  SCV x2  
  60  4:54  Marauder  
  60  4:57  Marine  
  61  5:00  Supply Depot, Factory Tech Lab  
  61  5:03  SCV x2  
  61  5:06  Marine  
  64  5:11  Refinery  
  64  5:14  Marine  
  64  5:15  SCV x2, Marine  
  66  5:24  Marine x2  
  66  5:27  SCV  
  62  5:32  Marine  
  62  5:33  Marine  
  61  5:37  SCV  
  61  5:42  Marine  
  63  5:48  SCV  
Show
View Real Time Build Order
Export as new Build Order

Creator Protoss 

Build Orders: 1 Gate Expand 

Get SALT Encoding   

  12  0:00  Probe  
  13  0:12  Probe  
  14  0:17  Pylon  
  14  0:24  Probe (Chrono Boost)  
  15  0:36  Probe (Chrono Boost)  
  15  0:37  Gateway  
  16  0:44  Probe (Chrono Boost)  
  16  0:46  Assimilator  
  17  0:51  Probe  
  18  1:03  Probe  
  19  1:15  Probe  
  20  1:24  Cybernetics Core  
  20  1:31  Nexus  
  20  1:38  Pylon  
  20  1:41  Probe  
  20  1:46  Assimilator  
  21  1:53  Probe  
  22  1:57  Adept (Chrono Boost)  
  22  2:00  Warp Gate  
  24  2:05  Probe  
  25  2:17  Probe  
  25  2:20  Adept  
  28  2:29  Probe  
  29  2:33  Robotics Facility  
  29  2:41  Probe (Chrono Boost)  
  29  2:43  Probe (Chrono Boost)  
  31  2:50  Adept  
  34  2:53  Probe (Chrono Boost)  
  34  2:54  Probe (Chrono Boost)  
  34  2:58  Probe (Chrono Boost)  
  35  2:59  Probe (Chrono Boost)  
  37  3:08  Probe, Gateway  
  37  3:09  Pylon  
  37  3:10  Probe  
  39  3:20  Warp Prism (Chrono Boost)  
  39  3:26  Gateway  
  41  3:32  Shield Battery  
  41  3:37  Gateway  
  41  3:44  Gateway  
  41  3:49  Probe  
  41  3:50  Probe  
  41  3:51  Stalker  
  45  3:56  Observer  
  45  3:57  Pylon  
  39  4:05  Probe (Chrono Boost)  
  34  4:10  Probe (Chrono Boost)  
  34  4:17  Stalker x2  
  34  4:20  Probe (Chrono Boost)  
  34  4:21  Stalker  
  34  4:24  Probe (Chrono Boost)  
  42  4:25  Probe (Chrono Boost)  
  41  4:33  Stalker  
  43  4:44  Pylon  
  43  4:45  Zealot x3  
  49  4:56  Stalker  
  49  5:08  Stalker x2  
  49  5:09  Zealot  
  53  5:22  Zealot  
  47  5:30  Probe x2  
  43  5:35  Zealot  
  43  5:36  Zealot x3  
  43  5:42  Probe x2  
  53  5:56  Zealot x4  
Tags
 
Add a new tag
Caveats
  • Supply blocks, unpowered buildings, or Contaminate may cause inaccurate times.
  • Supply counts are checked every 10 seconds.